 Dungeon Crawl Stone Soup version 0.29.1-12-g30fa7ad0bf (webtiles) character file.

Game seed: 15937371373221591693

1579 KittyFluff the Cudgeller (level 8, -4/49 HPs)
             Began as a Gargoyle Fighter on Jan 4, 2023.
             Slain by an orc warrior
             ... wielding a +0 mace
              (6 damage)
             ... on level 5 of the Dungeon.
             The game lasted 00:24:00 (4300 turns).

KittyFluff the Cudgeller (Gargoyle Fighter)         Turns: 4300, Time: 00:24:00

Health: -4/49      AC: 12    Str: 25    XL:     8   Next: 91%
Magic:  8/8        EV: 12    Int: 10    God:
Gold:   91         SH:  5    Dex: 11    Spells: 7/7 levels left

rFire   . . .      SeeInvis .   a - +0 flail
rCold   . . .      Faith    .   c - +0 buckler
rNeg    + . .      Spirit   .   m - +0 leather armour
rPois   ∞          Reflect  .   (no helmet)
rElec   +          Harm     .   (no cloak)
rCorr   .          Rampage  .   G - +2 pair of gloves
Will    .....                   (no boots)
Stlth   +.........              j - amulet of regeneration
HPRegen 0.96/turn               z - +6 ring of strength
MPRegen 0.11/turn               (no ring)

@: no status effects
A: sickness immunity, AC +5, negative energy resistance 1, electricity
resistance, torment resistance 1, petrification resistance
a: no special abilities


You were on level 5 of the Dungeon.
You visited 2 branches of the dungeon, and saw 7 of its levels.

You collected 227 gold pieces.
You spent 136 gold pieces at shops.

Inventory:

Hand Weapons
 a - a +0 flail (weapon)
 f - the +3 sling of Puuwogh {vorpal, rPois Int+4}
   (You bought it in a shop on level 3 of the Dungeon)

   Any ammunition fired from it inflicts extra damage upon your enemies.
   Int:       It affects your intelligence (+4).
   rPois:     It protects you from poison.
Missiles
 e - 57 stones (quivered)
 k - 2 poisoned darts
 C - a boomerang
Armour
 b - a +0 scale mail
 c - a +0 buckler (worn)
 m - a +0 leather armour (worn)
 q - a +0 chain mail
 u - a +0 pair of gloves
 G - a +2 pair of gloves (worn)
Jewellery
 j - an amulet of regeneration (around neck)
 z - a +6 ring of strength (left hand)
Wands
 r - a wand of flame (36)
 A - a wand of mindburst (10)
Scrolls
 g - 2 scrolls of magic mapping
 i - 2 scrolls of enchant weapon {unknown}
 n - a scroll of silence {unknown}
 p - a scroll of fear {unknown}
 s - a scroll of poison {unknown}
 v - 2 scrolls of teleportation {unknown}
 y - a scroll of blinking {unknown}
 B - a scroll of enchant armour {unknown}
 D - 3 scrolls of identify {unknown}
 E - a scroll of vulnerability
 F - a scroll of amnesia {unknown}
Potions
 d - a potion of might
 h - 2 potions of curing {unknown}
 l - a potion of invisibility {unknown}
 o - a potion of brilliance {unknown}
 t - a potion of lignification {unknown}
 w - a potion of flight {unknown}
 x - a potion of cancellation {unknown}


   Skills:
 + Level 5.3 Fighting
 + Level 6.9 Maces & Flails
 + Level 2.7 Ranged Weapons
 * Level 5.9 Armour
 + Level 3.0 Dodging
 + Level 1.4 Stealth
 + Level 4.5 Shields
 + Level 1.0 Evocations


You had 7 spell levels left.
You didn't know any spells.
Your spell library was empty.

Dungeon Overview and Level Annotations

Branches:
Dungeon (6/15)             Temple (1/1) D:5

Altars:
Ashenzari
Cheibriados
Dithmenos
Fedhas
Hepliaklqana
Makhleb
Nemelex Xobeh
Qazlal
Sif Muna
Wu Jian
Xom
The Shining One

Shops:
D:3 *   D:4 (


Innate Abilities, Weirdness & Mutations

You are immune to sickness and miasma.
Your stone body is resilient. (AC +5)
You are immune to poison.
You resist negative energy. (rN+)
You are resistant to electric shocks. (rElec)
You are resistant to unholy torment.
You are immune to petrification.


Message History

The orc warrior hits you but does no damage.
You barely miss the orc warrior.
The orc warrior is severely wounded.
The orc warrior hits you with a +0 mace!
* * * LOW HITPOINT WARNING * * *
You hit the orc warrior but do no damage.
The orc warrior is severely wounded.
You block the orc warrior's attack.
You hit the orc warrior.
The orc warrior is severely wounded.
The orc warrior hits you but does no damage.
You hit the orc warrior.
The orc warrior is severely wounded.
You block the orc warrior's attack.
You closely miss the orc warrior.
The orc warrior is severely wounded.
The orc warrior hits you with a +0 mace.
* * * LOW HITPOINT WARNING * * *
You block the orc warrior's attack.
You closely miss the orc warrior.
The orc warrior is severely wounded.
You block the orc warrior's attack.
You hit the orc warrior.
The orc warrior is almost dead.
The orc warrior hits you but does no damage.
You closely miss the orc warrior.
The orc warrior is almost dead.
The orc warrior hits you with a +0 mace.
You closely miss the orc warrior.
The orc warrior is almost dead.
The orc warrior hits you with a +0 mace.
* * * LOW HITPOINT WARNING * * *
You completely miss the orc warrior.
The orc warrior is almost dead.
The orc warrior hits you with a +0 mace!
* * * LOW HITPOINT WARNING * * *
You closely miss the orc warrior.
The orc warrior is almost dead.
The orc warrior hits you with a +0 mace.
You die...

#######.####†##...# #... ..##.##
..................# #.#####.#...#
#.#####.####.##...# #.# #...#._.#
#.# #.# #.##...###.###.#.#...#
#.# #.# #.##.............##.##
#.# ###.# #.##...###.# #...#.#.
#.# #.#.####.##...###.####...#.#.
#.###.#........o.............#.#.
#.##............@............#'#.
#.###............[.##.##.........
#.# #.######.##..#.##.####.#....#
#.###.######.##..............#...
#.#.....................##.###...
#.#.#.#########.................#
#.#.#.#########..#..#.#.######..#
#...................#.#.######...
#.#.#....####.#..#.##...........#


You could see an orc warrior.

Vanquished Creatures
  6 yaks (D:4)
  A water moccasin (D:5)
  A black bear (D:4)
  A howler monkey (D:5)
  A gnoll bouda (D:5)
  2 hounds
  An orc priest (D:4)
  4 iguanas
  3 orc wizards
  4 gnolls
  4 adders
  An ufetubus (D:4)
  A dart slug (D:2)
  3 orcs (D:4)
  5 bats
  6 endoplasms
  A giant cockroach (D:4)
  9 goblins
  16 hobgoblins
  3 jackals (D:1)
  5 quokkas
  10 ball pythons
  3 frilled lizards
  14 kobolds
  4 rats
109 creatures vanquished.

Vanquished Creatures (others)
  A fungus (D:4)
1 creature vanquished.

Grand Total: 110 creatures vanquished

Notes
Turn   | Place    | Note
-------+----------+-------------------------------------------
     0 | D:1      | KittyFluff the Gargoyle Fighter began the quest for the
                  | Orb.
     0 | D:1      | Reached XP level 1. HP: 14/14 MP: 1/1
   200 | D:1      | Reached XP level 2. HP: 19/19 MP: 2/2
   644 | D:1      | Reached XP level 3. HP: 24/24 MP: 3/3
   772 | D:1      | Found a faded altar of an unknown god.
  1225 | D:2      | Reached XP level 4. HP: 29/29 MP: 4/4
  1669 | D:2      | Reached skill level 3 in Maces & Flails
  1849 | D:3      | Found Heddarutz's Assorted Antiques.
  2439 | D:4      | Noticed a yak
  2439 | D:4      | Noticed a yak
  2439 | D:4      | Noticed a yak
  2440 | D:4      | Noticed a black bear
  2494 | D:4      | Found Rabaim's Weapon Shoppe.
  2542 | D:4      | Reached XP level 5. HP: 33/33 MP: 5/5
  2559 | D:4      | Reached skill level 1 in Dodging
  2626 | D:4      | Killed a black bear
  2627 | D:4      | Reached XP level 6. HP: 37/38 MP: 6/6
  2692 | D:4      | Noticed a yak
  2693 | D:4      | Noticed a yak
  2693 | D:4      | Noticed a yak
  2697 | D:4      | Killed a yak
  2698 | D:4      | Reached skill level 4 in Maces & Flails
  2698 | D:4      | Reached skill level 1 in Ranged Weapons
  2713 | D:4      | Killed a yak
  2714 | D:4      | Reached XP level 7. HP: 33/44 MP: 7/7
  2719 | D:4      | Killed a yak
  2720 | D:4      | Reached skill level 5 in Maces & Flails
  2720 | D:4      | Reached skill level 5 in Armour
  2731 | D:4      | Killed a yak
  2732 | D:4      | Reached XP level 8. HP: 36/48 MP: 8/8
  2747 | D:4      | Killed a yak
  2753 | D:4      | Killed a yak
  2754 | D:4      | Reached skill level 6 in Maces & Flails
  3160 | D:3      | Bought a dazzling sling for 136 gold pieces
  3160 | D:3      | Identified the +3 sling of Puuwogh {vorpal, rPois Int+4}
                  | (You bought it in a shop on level 3 of the Dungeon)
  3228 | D:5      | Entered Level 5 of the Dungeon
  3356 | D:5      | Found a stormy altar of Qazlal.
  3452 | D:5      | Reached skill level 1 in Evocations
  3467 | D:5      | Reached skill level 5 in Fighting
  3920 | D:5      | Found a snail-covered altar of Cheibriados.
  4005 | D:5      | Found a staircase to the Ecumenical Temple.
  4016 | Temple   | Entered the Ecumenical Temple
  4278 | D:5      | Reached skill level 1 in Stealth
  4299 | D:5      | HP: 1/49 [orc warrior/+0 mace (10)]
  4300 | D:5      | Slain by an orc warrior

Illustrated notes

Levels and vault maps discovered:
D:1:      dpeg_arrival_three_smaller_balls, layout_loops_corners,
          ebering_ecumenical_altar_rust
D:2:      layout_loops_ring, chequers_hall_statues_corner_a
D:3:      layout_loops_cross, serial_shops, shop, minmay_misc_feat_columns
D:4:      layout_rooms, serial_shops, nicolae_shop_statue_plus,
          uniq_crazy_yiuf_cottage
D:5:      layout_basic, mainiacjoe_overflow_surrounded_room,
          mainiacjoe_overflow_paths, minmay_temple_entry_sparse_star
D:6:      layout_basic, mainiacjoe_overflow_brackets, trog_antimagical,
          serial_shops, shop, ebering_ghost_rock_garden
Temple:   hellmonk_temple_micro_hex

Skill      XL: |  1  2  3  4  5  6  7  8 |
---------------+-------------------------+-----
Maces & Flails | 3 4 5 6 |  6.9
Armour         | 4 5 |  5.9
Fighting       | 4 5 |  5.3
Dodging        | 1 2 3 |  3.0
Shields        | 4 |  4.5
Ranged Weapons | 1 2 |  2.7
Evocations     | 1 |  1.0
Stealth        | 1 |  1.4

Action                   |  1- 3 |  4- 6 |  7- 9 || total
-------------------------+-------+-------+-------++-------
Melee: Flail             |   131 |   141 |   174 ||   446
 Fire: Sling             |       |    15 |     5 ||    20
Throw: Stone             |       |       |     2 ||     2
Evoke: Wand              |       |     1 |     6 ||     7
  Use: Scroll            |     1 |       |     1 ||     2
       Potion            |       |     1 |     2 ||     3
 Stab: Sleeping          |     1 |       |       ||     1
Armor: Scale mail        |    29 |       |       ||    29
       Leather armour    |    29 |    70 |    54 ||   153
Dodge: Dodged            |    59 |    74 |    69 ||   202
Block: Buckler           |    21 |    24 |    27 ||    72
